 Dungeon Crawl Stone Soup version 0.30.0-13-g156ef70053 (webtiles) character file.

Game seed: 12335598250423989899

222 Kranky the Poker (level 5, -4/46 HPs)
             Began as a Minotaur Gladiator on May 17, 2023.
             Slain by an orc priest
             ... wielding a +0 falchion
              (8 damage)
             ... on level 4 of the Dungeon.
             The game lasted 00:03:52 (2371 turns).

Kranky the Poker (Minotaur Gladiator)               Turns: 2371, Time: 00:03:53

Health: -4/46      AC:  9    Str: 21    XL:     5   Next: 66%
Magic:  4/4        EV: 11    Int:  5    God:
Gold:   22         SH:  0    Dex: 11    Spells: 4/4 levels left

rFire   . . .        a - +0 trident
rCold   . . .        (no shield)
rNeg    . . .        l - +0 scale mail
rPois   .            o - +2 hat
rElec   .            v - +0 cloak
rCorr   .            (no gloves)
SInv    .            (no boots)
Will    .....        (no amulet) Stlth
                     (no ring)
HPRegen 0.27/turn    (no ring)
MPRegen 0.09/turn

%: no passive effects
@: no status effects
A: horns 2, retaliatory headbutt
a: no special abilities


You were on level 4 of the Dungeon.
You visited 1 branch of the dungeon, and saw 4 of its levels.

You collected 214 gold pieces.
You spent 192 gold pieces at shops.

Inventory:

Hand Weapons
 a - a +0 trident (weapon)
Missiles
 d - 3 throwing nets (quivered)
 e - a javelin
Armour
 l - a +0 scale mail (worn)
 o - a +2 hat (worn)
 v - a +0 cloak (worn)
Scrolls
 b - a scroll of fog {unknown}
 f - 2 scrolls of brand weapon {unknown}
 g - a scroll of silence {unknown}
 h - a scroll of noise {unknown}
 i - 3 scrolls of teleportation
 m - a scroll of poison {unknown}
 s - a scroll of immolation {unknown}
Potions
 c - a potion of might
 j - 2 potions of heal wounds
 n - a potion of magic
 p - a potion of ambrosia
 r - 3 potions of flight
 t - 3 potions of curing
 u - a potion of mutation
 w - a potion of berserk rage


   Skills:
 + Level 3.8 Fighting
 + Level 4.6 Polearms
 + Level 3.2 Throwing
 + Level 2.7 Armour
 + Level 4.3 Dodging


You had 4 spell levels left.
You didn't know any spells.
Your spell library contained the following spells:

 Spells                   Type           Power      Damage    Failure   Level
 Kiss of Death            Conj/Necr      0%         2d5       82%         1
 Confusing Touch          Hex            0%         N/A       99%         3
 Dispel Undead            Necr           0%         3d6       100%        4


Dungeon Overview and Level Annotations

Branches:
Dungeon (4/15)
 Temple: D:4-7

Altars:
Ashenzari

Shops:
D:4 *!


Innate Abilities, Weirdness & Mutations

You have a pair of horns on your head.
You reflexively headbutt those who attack you in melee.


Message History

You hit the orc priest. Your headbutt misses the orc priest.
The orc priest is moderately wounded.
The orc priest hits you with a +0 falchion.
The orc priest barely misses you. You furiously retaliate!
You headbutt the orc priest, but do no damage.
You barely miss the orc priest.
The orc priest is moderately wounded.
The orc priest hits you but does no damage.
You barely miss the orc priest.
The orc priest is moderately wounded.
The orc priest hits you with a +0 falchion.
You barely miss the orc priest.
The orc priest is moderately wounded.
The orc priest hits you with a +0 falchion.
You hit the orc priest.
The orc priest is heavily wounded.
The orc priest barely misses you.
You barely miss the orc priest. You punch the orc priest.
The orc priest is severely wounded.
The orc priest mumbles some strange prayers to Beogh against you.
Beogh smites you!
You completely miss the orc priest.
The orc priest is severely wounded.
The orc priest invokes the aid of Beogh against you.
Pain shoots through your body!
You are too injured to fight recklessly!
You are too injured to fight recklessly!
You are too injured to fight recklessly!
You barely miss the orc priest. Your headbutt misses the orc priest.
The orc priest is severely wounded.
The orc priest mumbles some strange prayers to Beogh against you.
Beogh smites you!
* * * LOW HITPOINT WARNING * * *
You barely miss the orc priest.
The orc priest is severely wounded.
The orc priest looks encouraged for a moment.
You hit the orc priest but do no damage.
The orc priest is severely wounded.
The orc priest hits you with a +0 falchion!
You die...

#........## #...#
##......## #...#
######.# #...# #.#
#.### ##'##
##.###### ##...##
###........
##.....###.......###
##.......##.#####.#
# #..)@.....#.#
#.###
...'..o##+##...#
#.... ####... #...#
#.### ##.#
##..#####.# # #.
#.....<..### #.
#.##........ #
#.######.### #.# #.#
#.# #.#


You could see an orc priest.

Vanquished Creatures
  A black bear (D:3)
  Crazy Yiuf (D:3)
  An orc wizard (D:2)
  2 adders
  3 worms
  A dart slug (D:2)
  6 orcs
  3 ball pythons
  3 bats
  An endoplasm (D:2)
  2 giant cockroaches
  3 goblins (D:2)
  8 hobgoblins
  3 frilled lizards
  4 kobolds
  4 rats
46 creatures vanquished.

Notes
Turn   | Place    | Note
-------+----------+-------------------------------------------
     0 | D:1      | Kranky the Minotaur Gladiator began the quest for the Orb.
     0 | D:1      | Reached XP level 1. HP: 18/18 MP: 0/0
   741 | D:2      | Noticed an orc wizard
   744 | D:2      | Reached XP level 2. HP: 25/25 MP: 1/1
   808 | D:2      | Reached skill level 1 in Armour
   812 | D:2      | Found a faded altar of an unknown god.
   965 | D:2      | Reached XP level 3. HP: 26/30 MP: 2/2
  1198 | D:3      | Reached XP level 4. HP: 38/38 MP: 3/3
  1615 | D:3      | Found a runed translucent door.
  1616 | D:3      | Noticed Crazy Yiuf
  1642 | D:3      | Noticed a black bear
  1649 | D:3      | Killed a black bear
  1650 | D:3      | Reached XP level 5. HP: 42/46 MP: 4/4
  2028 | D:3      | Killed Crazy Yiuf
  2087 | D:4      | Found Gurghec's Assorted Antiques.
  2238 | D:4      | Found a broken altar of Ashenzari.
  2270 | D:4      | Found Lakexzeyf's Distillery.
  2283 | D:4      | Bought a potion of flight for 36 gold pieces
  2283 | D:4      | Bought a potion of might for 48 gold pieces
  2283 | D:4      | Bought a potion of berserk rage for 60 gold pieces
  2283 | D:4      | Bought a potion of degeneration for 12 gold pieces
  2283 | D:4      | Bought a potion of curing for 36 gold pieces
  2313 | D:4      | Found Gomup's Armour Boutique.
  2346 | D:4      | Noticed a +0 spear
  2371 | D:4      | Slain by an orc priest

Illustrated notes

Levels and vault maps discovered:
D:1:      minmay_arrival_diagonal_passages, layout_basic
D:2:      layout_rooms, shapermc_ecumenical_altar_gd
D:3:      layout_basic, uniq_crazy_yiuf_cottage
D:4:      layout_loops_corners, nicolae_qazlal_style_of_elements,
          nicolae_ashenzari_skybound, nicolae_uskayaw_en_pointe, serial_shops,
          shop, shop, nicolae_shop_tiny_statue_garden, shop

Skill      XL: |  1  2  3  4 |
---------------+-------------+-----
Armour         | 1 2 |  2.7
Fighting       | 3 |  3.8
Polearms       | 4 |  4.6
Throwing       | 3 |  3.2
Dodging        | 4 |  4.3

Action                     |  1- 3 |  4- 6 || total
---------------------------+-------+-------++-------
  Melee: Trident           |    58 |    61 ||   119
         Headbutt          |     4 |     5 ||     9
         Punch             |       |     3 ||     3
    Use: Scroll            |       |     6 ||     6
 Armour: Leather armour    |     5 |       ||     5
         Scale mail        |    16 |    11 ||    27
  Dodge: Dodged            |    19 |    21 ||    40
